AoeStats
← Fluvialgeomorphologist

African Clearing

505165368Analyzed
3v3 RM · 25d ago on Sep 8, 2026· 45m 4s· 6 players
Game mode
Random Map
Map size
Normal (6 player)
Population
200
Speed
Normal
Resources
Standard
Victory
Conquest
Starting age
Dark Age
Ending age
Imperial Age
RankedLock teamsTeams togetherTeam positionsShared explorationLock speedFull tech treeHidden civsTurbo modeCheats
Victory
Defeat
🇦🇷 Romans · Argentina
935
+14
🇦🇷 Bulgarians · Argentina
912
+15
🇦🇷 Huns · Argentina
851
+18
🇨🇦 Malians · Canada
915
-17
🇺🇸 Magyars · United States
890
-16
🇺🇸 Georgians · United States
853
-14
dasorux
6:20 Loom
15:12 Feudal Age
20:42 Castle Age
18:28 Man-at-Arms
28:25 Tigui
29:51 Double-Bit Axe
32:53 Fletching
36:38 Bodkin Arrow
37:57 Wheelbarrow
41:44 Imperial Age
40:11 Forging
40:35 Bow Saw
40:20 Pikeman
42:18 Squires
42:53 Horse Collar
Fluvialgeomorphologist
12:22 Loom
14:11 Feudal Age
12:27 Loom
19:36 Castle Age
17:50 Horse Collar
25:44 Fletching
27:35 Man-at-Arms
28:16 Squires
28:14 Double-Bit Axe
29:54 Bloodlines
29:45 Husbandry
30:08 Long Swordsman
31:29 Squires
31:49 Forging
33:06 Scale Barding Armor
33:32 Pikeman
37:57 Imperial Age
36:13 Wheelbarrow
37:36 Svan Towers
Hazardus Chemikals
3:58 Loom
14:34 Feudal Age
15:00 Double-Bit Axe
14:56 Horse Collar
18:43 Town Watch
19:37 Wheelbarrow
19:26 Bloodlines
24:41 Castle Age
24:40 Stone Mining
24:42 Gold Mining
24:59 Fletching
25:10 Padded Archer Armor
27:07 Heavy Plow
28:18 Bodkin Arrow
29:21 Husbandry
32:51 Pikeman
35:07 Gold Shaft Mining
35:51 Herbal Medicine
40:15 Hand Cart
40:12 Bow Saw
42:08 Fervor
47:22 Imperial Age
GordiTOsko
5:21 Loom
13:09 Feudal Age
16:03 Double-Bit Axe
19:03 Castle Age
16:56 Horse Collar
18:46 Man-at-Arms
20:46 Scale Mail Armor
25:34 Long Swordsman
32:01 Imperial Age
29:32 Town Watch
30:43 Forging
30:36 Heavy Plow
36:04 Iron Casting
36:16 Fletching
39:16 Conscription
39:42 Gold Mining
41:36 Bow Saw
41:44 Bloodlines
42:19 Cavalier
42:59 Husbandry
45:19 Gold Shaft Mining
45:24 Wheelbarrow
45:47 Siege Engineers
iNeik
8:27 Loom
14:45 Feudal Age
15:15 Double-Bit Axe
15:12 Horse Collar
19:17 Forging
19:07 Scale Mail Armor
21:00 Arson
22:29 Wheelbarrow
21:40 Town Watch
26:14 Castle Age
25:16 Stone Mining
25:18 Gold Mining
28:47 Iron Casting
28:27 Chain Mail Armor
28:18 Scale Barding Armor
28:23 Gambesons
28:38 Squires
31:05 Stirrups
32:38 Town Patrol
32:58 Husbandry
34:49 Chain Barding Armor
34:48 Fletching
35:49 Bodkin Arrow
39:55 Bow Saw
39:48 Heavy Plow
40:38 Ballistics
45:42 Imperial Age
VØID
13:31 Feudal Age
15:34 Double-Bit Axe
24:23 Arson
26:42 Castle Age
27:08 Forging
31:04 Husbandry
35:41 Iron Casting
35:13 Scale Barding Armor
36:55 Marauders
37:47 Wheelbarrow
Connection lost

Rejoining the realm…

Still unreachable

The connection could not be restored.

Session expired

The server has moved on; the page needs a fresh start.